AoeStats
← BigBusyB

Oasis

509939650Analyzed
4v4 RM · 4d ago on Sep 28, 2026· 41m 58s· 8 players
Game mode
Random Map
Map size
Large (8 player)
Population
200
Speed
Normal
Resources
Standard
Victory
Conquest
Starting age
Dark Age
Ending age
Imperial Age
RankedLock teamsTeams togetherTeam positionsShared explorationLock speedFull tech treeHidden civsTurbo modeCheats
Victory
Defeat
🇹🇷 Koreans · Türkiye
1143
+13
🇨🇳 Franks · China
1131
+14
🇦🇷 Persians · Argentina
1096
+15
🇫🇷 Italians · France
1089
+15
🇩🇪 Saxons · Germany
1135
-17
🇩🇪 Franks · Germany
1102
-15
🇩🇪 Persians · Germany
1065
-14
🇩🇪 Teutons · Germany
1006
-11
Duck Rattlehead
4:39 Loom
10:56 Feudal Age
14:51 Castle Age
12:40 Double-Bit Axe
12:47 Horse Collar
22:50 Wheelbarrow
24:42 Double-Bit Axe
24:58 Heavy Plow
26:46 Bow Saw
28:40 Hand Cart
28:18 Gold Mining
28:18 Stone Mining
29:04 Bloodlines
28:55 Husbandry
29:48 Fletching
30:07 Scale Barding Armor
30:41 Forging
30:54 Bodkin Arrow
33:58 Imperial Age
33:41 Iron Casting
34:07 Gold Shaft Mining
33:37 Heavy Camel Rider
33:48 Cavalier
35:01 Chain Barding Armor
34:50 Town Watch
34:56 Town Watch
36:24 Blast Furnace
37:58 Conscription
37:39 Kamandaran
37:07 Light Cavalry
38:28 Town Patrol
41:48 Plate Barding Armor
41:47 Savar
tretts
3:23 Loom
11:15 Feudal Age
16:11 Castle Age
14:30 Double-Bit Axe
14:29 Horse Collar
15:01 Fletching
15:49 Gold Mining
15:51 Stone Mining
17:44 Bow Saw
23:53 Ballistics
25:34 Treadmill Crane
29:20 Imperial Age
26:50 Bodkin Arrow
26:56 Padded Archer Armor
27:26 Thumb Ring
27:12 Crossbowman
31:40 Chemistry
32:18 Wheelbarrow
31:44 Heavy Plow
32:43 Pirotechnia
35:19 Light Cavalry
36:26 Hussar
37:07 Husbandry
37:18 Bloodlines
37:29 Forging
37:25 Scale Barding Armor
默默发育
4:57 Loom
11:17 Feudal Age
15:18 Castle Age
14:52 Double-Bit Axe
23:01 Bow Saw
26:06 Wheelbarrow
29:48 Forging
29:44 Scale Barding Armor
29:48 Husbandry
33:58 Imperial Age
33:14 Hand Cart
33:02 Gold Mining
34:09 Iron Casting
33:55 Chain Barding Armor
34:09 Cavalier
35:12 Conscription
35:58 Blast Furnace
35:30 Town Watch
36:42 Plate Barding Armor
37:13 Gold Shaft Mining
37:35 Paladin
39:12 Stone Mining
40:13 Coinage
Albus
11:52 Feudal Age
10:07 Loom
12:57 Stone Mining
12:59 Gold Mining
12:55 Horse Collar
13:00 Double-Bit Axe
20:22 Fletching
24:07 Castle Age
22:42 Wheelbarrow
27:06 Bodkin Arrow
30:38 Man-at-Arms
37:01 Stone Shaft Mining
37:04 Gold Shaft Mining
36:58 Eupseong
39:10 Ballistics
43:57 Imperial Age
41:42 Hand Cart
MidLast
10:17 Feudal Age
14:07 Castle Age
12:13 Horse Collar
13:53 Double-Bit Axe
14:52 Fletching
16:02 Bow Saw
23:10 Scale Mail Armor
25:10 Chain Mail Armor
25:49 Wheelbarrow
26:59 Bodkin Arrow
28:03 Forging
28:37 Loom
28:39 Town Watch
30:06 Iron Casting
30:44 Heavy Plow
32:37 Squires
32:22 Arson
33:26 Hand Cart
37:06 Imperial Age
34:47 Gambesons
38:07 Conscription
38:40 Plate Mail Armor
38:51 Bracer
BigBusyB
10:54 Feudal Age
15:28 Castle Age
13:44 Double-Bit Axe
13:41 Horse Collar
14:07 Gold Mining
16:52 Bow Saw
17:35 Heavy Plow
20:53 Gold Shaft Mining
23:43 Bloodlines
25:20 Husbandry
26:22 Wheelbarrow
26:20 Stone Mining
28:25 Forging
28:21 Scale Barding Armor
31:01 Iron Casting
30:47 Chain Barding Armor
30:46 Hand Cart
33:33 Stone Shaft Mining
37:21 Imperial Age
38:48 Blast Furnace
38:24 Plate Barding Armor
37:13 Cavalier
39:25 Savar
Lutzi
9:11 Loom
10:58 Feudal Age
9:16 Loom
15:59 Castle Age
17:55 Double-Bit Axe
30:18 Horse Collar
36:38 Imperial Age
34:45 Bloodlines
34:57 Scale Barding Armor
36:40 Forging
37:05 Bow Saw
38:50 Iron Casting
38:20 Gold Mining
40:07 Cavalier
Meck
5:07 Loom
9:27 Feudal Age
11:22 Double-Bit Axe
15:32 Wheelbarrow
15:11 Gold Mining
20:06 Castle Age
18:34 Fletching
19:40 Padded Archer Armor
20:52 Bodkin Arrow
22:35 Leather Archer Armor
22:29 Husbandry
25:04 Bow Saw
28:56 Ballistics
28:55 Hand Cart
28:33 Town Watch
36:20 Imperial Age
35:12 Gold Shaft Mining
34:33 Stone Mining
37:28 Heavy Mounted Crossbowman
37:29 Cranequins
41:45 Conscription
Connection lost

Rejoining the realm…

Still unreachable

The connection could not be restored.

Session expired

The server has moved on; the page needs a fresh start.